AoeStats
← [PSCH] R!ce

Arena

506907971Analyzed
2v2 RM · 17d ago on Sep 15, 2026· 51m 3s· 4 players
Game mode
Random Map
Map size
Medium (4 player)
Population
200
Speed
Normal
Resources
Standard
Victory
Conquest
Starting age
Dark Age
Ending age
Imperial Age
RankedLock teamsTeams togetherTeam positionsShared explorationLock speedFull tech treeHidden civsTurbo modeCheats
Victory
Defeat
🇩🇪 Teutons · Germany
1460
+16
🇬🇧 Malay · United Kingdom
1394
+18
🇨🇭 Italians · Switzerland
1475
-18
🇨🇭 Bohemians · Switzerland
1428
-16
[PSCH] Reh
7:18 Loom
10:08 Feudal Age
14:30 Castle Age
12:50 Double-Bit Axe
13:29 Stone Mining
14:01 Horse Collar
15:52 Bow Saw
20:21 Fletching
23:16 Heavy Plow
24:16 Padded Archer Armor
24:14 Bodkin Arrow
25:38 Wheelbarrow
25:28 Gold Mining
30:32 Imperial Age
29:19 Hand Cart
29:30 Ballistics
29:11 Padded Archer Armor
29:18 Town Watch
30:17 Leather Archer Armor
30:38 Scale Barding Armor
30:43 Forging
30:38 Murder Holes
30:51 Town Patrol
31:19 Bracer
31:52 Ring Archer Armor
32:51 Chemistry
32:40 Crop Rotation
33:14 Thumb Ring
33:41 Bloodlines
34:08 Conscription
35:03 Two-Man Saw
34:29 Chain Barding Armor
34:19 Forging
33:30 Light Cavalry
34:12 Husbandry
35:09 Elite Genoese Crossbowman
36:52 Hoardings
35:59 Hussar
38:15 Iron Casting
39:33 Plate Barding Armor
39:58 Blast Furnace
40:32 Masonry
40:02 Treadmill Crane
44:05 Pirotechnia
44:24 Cavalier
45:57 Squires
45:58 Scale Mail Armor
46:10 Caravan
47:21 Chain Mail Armor
49:19 Plate Mail Armor
48:39 Arson
[PSCH] R!ce
10:47 Feudal Age
12:14 Loom
15:04 Castle Age
13:13 Double-Bit Axe
14:11 Horse Collar
17:01 Fletching
18:18 Bow Saw
20:09 Bodkin Arrow
24:46 Sanctity
24:36 Redemption
24:53 Sanctity
24:44 Redemption
29:31 Imperial Age
27:19 Pikeman
29:36 Chemistry
31:55 Halberdier
36:20 Scale Mail Armor
36:31 Forging
37:17 Chain Mail Armor
38:43 Houfnice
43:55 Siege Engineers
49:33 Plate Mail Armor
49:39 Iron Casting
Charlie
11:36 Feudal Age
14:32 Castle Age
13:00 Double-Bit Axe
13:38 Horse Collar
15:50 Bow Saw
18:28 Heavy Plow
18:31 Gold Mining
23:33 Wheelbarrow
22:43 Loom
22:44 Town Watch
23:38 Wheelbarrow
23:53 Stone Mining
27:53 Imperial Age
25:43 Squires
25:54 Forging
25:42 Pikeman
26:13 Fletching
27:33 Halberdier
29:27 Iron Casting
30:12 Devotion
29:42 Capped Ram
31:09 Bodkin Arrow
32:14 Blast Furnace
31:32 Onager
34:48 Chemistry
40:26 Siege Engineers
50:03 Bracer
Unimpressed
11:18 Feudal Age
15:14 Castle Age
14:29 Double-Bit Axe
16:11 Bow Saw
17:02 Horse Collar
21:31 Heavy Plow
24:44 Wheelbarrow
23:56 Loom
24:50 Gold Mining
25:42 Hand Cart
25:14 Town Watch
25:52 Stone Mining
29:22 Imperial Age
27:38 Stone Shaft Mining
27:17 Masonry
28:38 Fortified Wall
28:58 Town Patrol
31:14 Two-Man Saw
30:45 Crop Rotation
30:29 Heavy Scorpion
32:29 Chemistry
32:34 Ironclad
32:38 Scale Mail Armor
32:48 Forging
32:36 Fletching
34:01 Chain Mail Armor
34:15 Forging
36:33 Siege Engineers
37:11 Plate Mail Armor
37:16 Iron Casting
37:19 Bodkin Arrow
37:50 Crenellations
38:23 Iron Casting
37:50 Squires
37:36 Arson
38:53 Elite Teutonic Knight
41:29 Blast Furnace
42:03 Pikeman
43:40 Ballistics
43:52 Halberdier
45:50 Hoardings
45:20 Onager
Connection lost

Rejoining the realm…

Still unreachable

The connection could not be restored.

Session expired

The server has moved on; the page needs a fresh start.